 Dungeon Crawl Stone Soup version 0.28.0-53-g5a82cb258f (webtiles) character file.

Game seed: 88612334309466853

3575 cbfl8 the Cleaver (level 9, -3/83 HPs)
             Began as a Minotaur Berserker on Aug 1, 2022.
             Was a Priest of Trog.
             Slain by a boulder beetle (13 damage)
             ... on level 7 of the Dungeon.
             The game lasted 00:10:32 (8044 turns).

cbfl8 the Cleaver (Minotaur Berserker)              Turns: 8044, Time: 00:10:32

Health: -3/83      AC: 21    Str: 22    XL:     9   Next: 84%
Magic:  8/8        EV:  8    Int: 10    God:    Trog [***...]
Gold:   324        SH:  0    Dex: 14    Spells: 8/8 levels left

rFire   . . .      SeeInvis .   a - +0 hand axe
rCold   . . .      Faith    .   F - +0 buckler
rNeg    . . .      Spirit   .   K - +0 plate armour
rPois   .          Reflect  .   h - +1 hat
rElec   .          Harm     .   l - +2 cloak
rCorr   .          Rampage  .   (no gloves)
Will    .....                   (no boots)
Stlth   ..........              o - amulet of the acrobat
HPRegen 0.23/turn               s - +6 ring of intelligence
MPRegen 0.11/turn               E - +4 ring of protection

@: confused, ambrosia-drunk, on berserk cooldown
A: horns 2, retaliatory headbutt
a: Renounce Religion, Berserk, Trog's Hand


You were on level 7 of the Dungeon.
You worshipped Trog.
Trog was most pleased with you.
You visited 1 branch of the dungeon, and saw 7 of its levels.
You also visited: Sewer.

You collected 324 gold pieces.

Inventory:

Hand Weapons
 a - a +0 hand axe (weapon)
Armour
 h - a +1 hat (worn)
 l - a +2 cloak (worn)
 x - a +0 chain mail
 F - a +0 buckler (worn)
 K - a +0 plate armour (worn)
Jewellery
 k - a ring of fire
 o - an amulet of the acrobat (around neck)
 s - a +6 ring of intelligence (left hand)
 E - a +4 ring of protection (right hand)
Wands
 i - a wand of digging (4)
 n - a wand of acid (19) (quivered)
 v - a wand of iceblast (18)
 G - a wand of polymorph (2)
Scrolls
 c - 6 scrolls of identify {unknown}
 e - 2 scrolls of magic mapping {unknown}
 q - 2 scrolls of blinking
 r - 2 scrolls of enchant armour {unknown}
 t - 5 scrolls of enchant weapon {unknown}
 u - a scroll of acquirement {unknown}
 y - a scroll of immolation {unknown}
 B - 4 scrolls of teleportation {unknown}
 C - a scroll of fear {unknown}
 D - a scroll of vulnerability {unknown}
 H - a scroll of holy word {unknown}
 J - a scroll of brand weapon {unknown}
Potions
 g - 2 potions of flight
 j - 2 potions of attraction
 m - a potion of berserk rage {unknown}
 p - a potion of magic
 w - a potion of lignification
 z - a potion of brilliance {unknown}
 A - a potion of heal wounds {unknown}


   Skills:
 * Level 9.0 Fighting
 + Level 9.4 Axes
 + Level 6.9 Armour
 * Level 6.8 Dodging
 + Level 1.0 Stealth
 + Level 1.5 Shields
 + Level 0.3 Unarmed Combat
 * Level 4.8 Evocations


You had 8 spell levels left.
You didn't know any spells.
Your spell library was empty.

Dungeon Overview and Level Annotations

Branches:
Dungeon (7/15)             Temple (0/1) D:4           Sewer (visited)

Altars:

Shops:
D:4 (

Annotations:
D:6 2 runed translucent doors, Crazy Yiuf


Innate Abilities, Weirdness & Mutations

You have a pair of horns on your head.
You reflexively headbutt those who attack you in melee.


Message History

It was a potion of magic.
Magic courses through your body.
The boulder beetle is attracted toward you.
It was a potion of lignification.
You turn into a tree.
Your +2 cloak melds into your body.
Your +1 hat melds into your body.
Your +0 plate armour melds into your body.
Your roots penetrate the ground.
The boulder beetle bites you!
* * * LOW HITPOINT WARNING * * *
You hit the boulder beetle but do no damage.
The boulder beetle is moderately wounded.
The boulder beetle completely misses you.
The boulder beetle bites you but does no damage.
You hit the boulder beetle but do no damage.
The boulder beetle is moderately wounded.
The boulder beetle bites you!
* * * LOW HITPOINT WARNING * * *
You hit the boulder beetle but do no damage.
The boulder beetle is moderately wounded.
The boulder beetle barely misses you.
You feel better.
The boulder beetle bites you but does no damage.
The boulder beetle bites you!
* * * LOW HITPOINT WARNING * * *
You feel better. The boulder beetle bites you!
* * * LOW HITPOINT WARNING * * *
It was a potion of cancellation.
Your magical effects are unravelling.
You feel magically purged.
You feel less wooden.
Your +2 cloak unmelds from your body.
Your +1 hat unmelds from your body.
Your +0 plate armour unmelds from your body.
You feel yourself speed up.
You feel a little less mighty now.
The boulder beetle bites you but does no damage.
The boulder beetle completely misses you.
You furiously retaliate!
You headbutt the boulder beetle, but do no damage.
You feel less attractive to monsters.
It was a potion of ambrosia.
You are confused.
You feel invigorated. The boulder beetle bites you!
You die...

#.........# ..#
#.........# ..
#.........#
##.........###
.#............ .
.#)....>...### #####..
.))........# .......
.#)........######.......
...............B@)......
.#.....[...######.......
.########### ....... .#
..."... .# ......< .#
....... ## .......
#######


You could see a boulder beetle.

Vanquished Creatures
  Pikel (D:7)
  Joseph (D:7)
  Prince Ribbit (D:6)
  Sigmund (D:6)
  A steam dragon (D:7)
  The ghost of turdburglar the Digger, an amateur DrEE (D:3)
  2 water moccasins (D:6)
  2 orc warriors
  2 black bears
  A necrophage (D:6)
  4 ogres
  4 lemures (D:7)
  A phantom (D:4)
  3 bullfrogs
  A scorpion (D:5)
  A wyvern skeleton (D:7)
  4 wights (D:6)
  A howler monkey (D:6)
  3 orc priests
  A jelly (D:6)
  3 hounds
  Ijyb (D:3)
  A bullfrog skeleton (D:7)
  An iguana (D:7)
  An orc wizard (D:4)
  2 hound skeletons
  4 gnolls
  12 adders
  2 white imps
  An ufetubus (D:5)
  A worm (D:2)
  4 dart slugs
  4 adder simulacra (D:3)
  14 orcs
  4 endoplasms
  17 giant cockroaches
  5 goblins
  5 hobgoblins
  7 jackals
  5 kobolds
  5 quokkas
  8 ball pythons
  A ball python simulacrum (D:3)
  4 bats
  5 frilled lizards
  5 rats
158 creatures vanquished.

Notes
Turn   | Place    | Note
-------+----------+-------------------------------------------
     0 | D:1      | cbfl8 the Minotaur Berserker began the quest for the Orb.
     0 | D:1      | Reached XP level 1. HP: 19/19 MP: 0/0
   461 | D:1      | Reached XP level 2. HP: 15/27 MP: 1/1
   794 | D:1      | Found a faded altar of an unknown god.
  1186 | D:1      | Reached XP level 3. HP: 23/34 MP: 2/2
  1716 | D:2      | Reached XP level 4. HP: 13/41 MP: 3/3
  2368 | D:2      | Reached skill level 5 in Fighting
  3036 | D:3      | Noticed a black bear
  3042 | D:3      | Killed a black bear
  3043 | D:3      | Reached skill level 5 in Axes
  3043 | D:3      | Reached skill level 1 in Evocations
  3043 | D:3      | Reached XP level 5. HP: 48/48 MP: 4/4
  3090 | D:3      | You fall into a shaft and drop 2 floors!
  3090 | D:5      | Entered Level 5 of the Dungeon
  3116 | D:5      | Reached ** piety under Trog
  3124 | D:5      | Reached XP level 6. HP: 45/56 MP: 5/5
  3138 | D:4      | Found a staircase to the Ecumenical Temple.
  3279 | D:3      | Found a glowing drain.
  3297 | Sewer    | Entered a sewer
  3642 | Sewer    | Reached XP level 7. HP: 63/63 MP: 6/6
  4022 | D:3      | Found a runed translucent gate.
  4022 | D:3      | Found a runed translucent gate.
  4025 | D:3      | Found a runed translucent gate.
  4363 | D:3      | Noticed turdburglar's ghost (amateur DrEE)
  4495 | D:3      | Noticed Ijyb
  4510 | D:3      | Killed Ijyb
  4901 | D:3      | Reached *** piety under Trog
  4910 | D:3      | Killed turdburglar's ghost
  5549 | D:4      | Found Bel Mogu's Firing Range.
  5573 | D:4      | Reached XP level 8. HP: 70/71 MP: 7/7
  6400 | D:6      | Noticed Sigmund
  6404 | D:6      | Reached skill level 5 in Dodging
  6415 | D:6      | Killed Sigmund
  6416 | D:6      | Reached skill level 5 in Armour
  6497 | D:6      | Reached skill level 1 in Stealth
  7068 | D:6      | Found a runed translucent door.
  7069 | D:6      | Noticed Crazy Yiuf
  7118 | D:6      | Reached XP level 9. HP: 80/81 MP: 8/8
  7167 | D:6      | Noticed Prince Ribbit
  7200 | D:6      | Killed Prince Ribbit
  7599 | D:6      | Found a runed translucent door.
  7820 | D:7      | Noticed Pikel
  7837 | D:7      | Killed Pikel
  7939 | D:7      | Reached skill level 1 in Shields
  8007 | D:7      | Noticed Joseph
  8013 | D:7      | Noticed a boulder beetle
  8030 | D:7      | Killed Joseph
  8042 | D:7      | HP: 6/124 [boulder beetle (17)]
  8044 | D:7      | Slain by a boulder beetle

Illustrated notes

Levels and vault maps discovered:
D:1:      doesnt_arrival_eight_statues, layout_loops_ring,
          basic_ecumenical_altar
D:2:      minmay_inner_zag, layout_basic, guppyfry_early_lair_pool
D:3:      layout_basic, gup_sewer_entry_pipe, gammafunk_ghost_icy, uniq_ijyb
D:4:      layout_cave_pools, minmay_temple_entry_from_below_b,
          nicolae_shop_firing_range
D:5:      layout_cave_pools
D:6:      layout_basic, lightli_church_of_beogh, uniq_sigmund,
          uniq_crazy_yiuf_cottage, uniq_prince_ribbit1
D:7:      layout_rooms, uniq_maggie, uniq_pikel, uniq_joseph

Skill      XL: |  1  2  3  4  5  6  7  8  9 |
---------------+----------------------------+-----
Fighting       | 4 5 6 8 9 |  9.0
Axes           | 4 5 6 7 8 9 |  9.4
Dodging        | 3 4 5 6 |  6.8
Evocations     | 1 2 3 4 |  4.8
Armour         | 3 4 6 |  6.9
Stealth        | 1 |  1.0
Shields        | 1 |  1.5
Unarmed Combat | |  0.3

Action                   |  1- 3 |  4- 6 |  7- 9 || total
-------------------------+-------+-------+-------++-------
Melee: Hand axe          |    56 |   109 |   258 ||   423
       Headbutt          |     5 |    18 |    46 ||    69
       Punch             |     1 |     2 |     1 ||     4
       Unarmed           |       |       |     5 ||     5
Invok: Berserk           |     3 |     3 |     7 ||    13
  Use: Potion            |       |     1 |     9 ||    10
Armor: Animal skin       |     4 |       |       ||     4
       Leather armour    |    17 |     5 |       ||    22
       Scale mail        |       |    53 |    16 ||    69
       Chain mail        |       |       |    78 ||    78
       Plate armour      |       |       |     4 ||     4
       Skin              |       |       |     2 ||     2
Dodge: Dodged            |    43 |    94 |   116 ||   253
Block: Buckler           |       |       |    18 ||    18
